 Dungeon Crawl Stone Soup version 0.28.0-43-g3370ac3207 (webtiles) character file.

Game seed: 13533390501572291603

430 experimilk the Slasher (level 6, 0/51 HPs)
             Began as a Palentonga Fighter on Mar 18, 2022.
             Was an Initiate of Gozag.
             Slain by a gnoll
             ... wielding a +0 halberd
              (12 damage)
             ... on level 4 of the Dungeon.
             The game lasted 00:12:20 (5211 turns).

experimilk the Slasher (Palentonga Fighter)         Turns: 5211, Time: 00:12:21

Health: 0/51       AC:  7    Str: 21    XL:     6   Next: 66%
Magic:  6/6        EV:  4    Int:  8    God:    Gozag
Gold:   82         SH:  8    Dex: 10    Spells: 5/5 levels left

rFire   . . .      SeeInvis +   a - +1 long sword
rCold   . . .      Faith    .   e - +1 kite shield
rNeg    . . .      Spirit   .   j - +0 chain mail
rPois   .          Reflect  .   (no helmet)
rElec   .          Harm     .   (no cloak)
rCorr   .          Rampage  .   (no gloves)
Will    .....                   (no barding)
Stlth   ..........              (no amulet)
HPRegen 0.17/turn               (no ring)
MPRegen 0.10/turn               (no ring)

@: about to teleport, gold aura
A: large, rugged brown scales 3, see invisible, deformed body, roll 1, armoured
tail
a: Rolling Charge, Renounce Religion, Potion Petition, Call Merchant, Bribe
Branch


You were on level 4 of the Dungeon.
You worshipped Gozag.
Gozag was noncommittal.
You visited 2 branches of the dungeon, and saw 5 of its levels.

You collected 134 gold pieces.
You paid 52 gold pieces to Gozag.

Inventory:

Hand Weapons
 a - a +1 long sword (weapon)
 r - the +2 fustibalus of the Sugar Beet {freeze, rPois}
   (You found it on level 3 of the Dungeon)

   Any ammunition fired from it freezes those it strikes, dealing additional
   cold damage.
   It can also slow down cold-blooded creatures.
   rPois:     It protects you from poison.
Missiles
 s - 10 sling bullets
Armour
 b - a +0 scale mail
 e - a +1 kite shield (worn)
 j - a +0 chain mail (worn)
 l - a +0 ring mail
Wands
 f - a wand of paralysis (2)
Scrolls
 d - a scroll of enchant armour
 g - a scroll of vulnerability
 h - 2 scrolls of identify
 k - 2 scrolls of teleportation
 m - a scroll of summoning
Potions
 c - a potion of curing
 i - a potion of cancellation
 o - a potion of mutation
 p - a potion of haste


   Skills:
 + Level 4.2 Fighting
 * Level 6.6 Long Blades
 - Level 2.4 Armour
 - Level 2.4 Shields


You had 5 spell levels left.
You didn't know any spells.
Your spell library contained the following spells:

 Spells                   Type           Power      Damage    Failure   Level
 Blade Hands              Tmut           0%         N/A       100%        5
 Irradiate                Conj/Tmut      0%         3d13      100%        5
 Dragon Form              Tmut           0%         N/A       100%        7


Dungeon Overview and Level Annotations

Branches:
Dungeon (4/15)             Temple (1/1) D:4

Altars:
Ashenzari
Gozag
Hepliaklqana
Kikubaaqudgha
Makhleb
Nemelex Xobeh
Qazlal
Trog
Uskayaw
Vehumet
Xom
Zin
The Shining One


Innate Abilities, Weirdness & Mutations

You are completely covered in rugged brown scales. (AC +3, +7% HP)
You have supernaturally acute eyesight. (SInv)
Armour fits poorly on your strangely shaped body.
You can roll at nearby foes to attack.
You have a long armoured tail.


Message History

Aim: a gnoll, wielding a +0 whip of distortion You roll forward with a clatter of scales!
You barely miss the gnoll. The gnoll hits you but does no damage.
A gnoll comes into view. It is wielding a +0 spear.
A gnoll comes into view. It is wielding a +0 halberd.
You barely miss the gnoll. You tail-slap the gnoll.
The gnoll is moderately wounded.
You block the gnoll's attack. The gnoll hits you with a +0 halberd!
The gnoll completely misses you.
You closely miss the gnoll.
The gnoll is moderately wounded.
The gnoll hits you but does no damage. The gnoll barely misses you.
The gnoll hits you with a +0 whip of distortion.
Space warps horribly around you!
The gnoll shaman hits you with a +0 club!
* * * LOW HITPOINT WARNING * * *
The gnoll hits you from afar with a +0 halberd!
* * * LOW HITPOINT WARNING * * *
Aiming: Paralyse
Press: ? - help, Q - select action, (/) - cycle Shift-Dir - straight line, f/p - gnoll
Aim: a gnoll, wielding a +0 whip of distortion (moderately wounded, chance to affect: 57%)
The gnoll suddenly stops moving!
You block the gnoll's attack. x2
You feel better.
The gnoll shaman hits you but does no damage.
The gnoll hits you but does no damage.
As you read the scroll of teleportation, it crumbles to dust.
You feel strangely unstable. You block the gnoll's attack.
The gnoll shaman hits you with a +0 club.
* * * LOW HITPOINT WARNING * * *
The gnoll hits you from afar with a +0 halberd!
* * * LOW HITPOINT WARNING * * *
The gnoll barely misses you.
You feel better.
The gnoll shaman hits you with a +0 club.
* * * LOW HITPOINT WARNING * * *
The gnoll hits you but does no damage. The gnoll barely misses you.
The gnoll hits you from afar with a +0 halberd!
You die...
Your body crumbles into a pile of gold.

..........#
............#
..................#
.................$###
....................
..>...............#
..............ggg.#
...............$g.#
...............g@##
).)..............#
.................#
..<...............#
................#..#
................##..#
#######
...............##
#..##.....##
......####.#####
#.........# ....###
#.# #....P.P.#


You could see a gnoll shaman and 4 gnolls.

Vanquished Creatures
  Sigmund (D:3)
  A scorpion (D:4)
  A bullfrog skeleton (D:4)
  Robin (D:3)
  7 gnolls
  2 adders
  3 worms
  A dart slug (D:3)
  4 orcs (D:4)
  6 ball pythons
  7 bats
  5 endoplasms
  12 goblins
  6 hobgoblins
  6 jackals
  6 kobolds
  3 quokkas
  4 rats
76 creatures vanquished.

Vanquished Creatures (collateral kills)
  An adder skeleton (D:4)
1 creature vanquished.

Grand Total: 77 creatures vanquished

Notes
Turn   | Place    | Note
-------+----------+-------------------------------------------
     0 | D:1      | experimilk the Palentonga Fighter began the quest for the
                  | Orb.
     0 | D:1      | Reached XP level 1. HP: 19/19 MP: 1/1
   707 | D:1      | Reached XP level 2. HP: 21/25 MP: 2/2
   906 | D:1      | Reached skill level 3 in Long Blades
  1662 | D:2      | Reached XP level 3. HP: 17/31 MP: 3/3
  1945 | D:2      | Reached skill level 4 in Long Blades
  2358 | D:3      | Reached XP level 4. HP: 30/37 MP: 4/4
  2671 | D:3      | Noticed Robin
  2797 | D:3      | Killed Robin
  3067 | D:3      | Reached skill level 5 in Long Blades
  3094 | D:3      | Noticed Sigmund
  3302 | D:3      | Noticed a water moccasin
  3838 | D:3      | Identified the +2 fustibalus of the Sugar Beet {freeze,
                  | rPois}
  3899 | D:3      | Killed Sigmund
  3900 | D:3      | Reached skill level 6 in Long Blades
  3900 | D:3      | Reached XP level 5. HP: 29/44 MP: 5/5
  3900 | D:3      | Reached XP level 6. HP: 33/51 MP: 6/6
  4975 | D:4      | Found a staircase to the Ecumenical Temple.
  5011 | Temple   | Entered the Ecumenical Temple
  5065 | Temple   | Became a worshipper of Gozag Ym Sagoz the Greedy
  5211 | D:4      | Slain by a gnoll

Illustrated notes

Levels and vault maps discovered:
D:1:      mrwooster_arrival_statue, layout_loops_ring, minmay_tromino_v2
D:2:      layout_basic, grunt_decor_one_mirror, hangedman_decor_growths
D:3:      kennysheep_big_flooded_room, layout_loops_corners,
          lightli_corner_chamber, uniq_robin, uniq_sigmund
D:4:      layout_layer_cave, minmay_temple_entry_overgrown,
          nicolae_shop_firing_range, uniq_crazy_yiuf_cottage
Temple:   cyrus_circular_temple

Skill      XL: |  1  2  3  4  5  6 |
---------------+-------------------+-----
Long Blades    | 3 4 6 |  6.6
Fighting       | 4 |  4.2
Armour         | |  2.4
Shields        | |  2.4

Action                   |  1- 3 |  4- 6 || total
-------------------------+-------+-------++-------
Melee: Long sword        |    93 |   144 ||   237
       Tailslap          |    10 |    10 ||    20
 Abil: Rolling Charge    |     5 |     8 ||    13
Evoke: Wand              |       |     1 ||     1
  Use: Potion            |     1 |     2 ||     3
       Scroll            |       |    12 ||    12
 Stab: Distracted        |       |     1 ||     1
Armor: Scale mail        |    28 |       ||    28
       Chain mail        |    21 |   100 ||   121
Dodge: Dodged            |    24 |    31 ||    55
Block: Buckler           |     7 |       ||     7
       Kite shield       |    28 |    84 ||   112
